 Dungeon Crawl Stone Soup version 0.27-a0-148-g9515ab555c (webtiles) character file.

Game seed: 13855852970584617689

79 lessens the Chucker (level 4, -1/25 (33) HPs)
             Began as a Demonspawn Hunter on Jan 27, 2021.
             Slain by a gnoll (3 damage)
             ... on level 1 of the Dungeon.
             The game lasted 00:04:26 (3312 turns).

lessens the Chucker (Demonspawn Hunter)             Turns: 3312, Time: 00:04:27

HP:   -1/25 (33)    AC:  6    Str: 14    XL:     4   Next: 17%
MP:   0/4           EV: 14    Int: 12    God:
Gold: 103           SH:  0    Dex: 13    Spells: 3/3 levels left

rFire    . . .     SeeInvis .   g - +0 hand axe
rCold    . . .     Faith    .   (no shield)
rNeg     . . .     Spirit   +   q - +0 scale mail
rPois    .         Reflect  .   (helmet restricted)
rElec    .         Harm     .   (no cloak)
rCorr    +         Rampage  .   (no gloves)
Will     +....                  (no boots)
Stlth    ..........             p - amulet of guardian spirit
HPRegen  0.08/turn              j - ring of willpower
MPRegen  0.09/turn              o - ring of resist corrosion

@: agile, heavily drained
A: antennae 1, powered by pain 1
a: no special abilities


You were on level 1 of the Dungeon.
You visited 1 branch of the dungeon, and saw 3 of its levels.

You collected 103 gold pieces.

Inventory:

Hand Weapons
 a - a +0 short sword
 g - a +0 hand axe (weapon)
Missiles
 c - 5 javelins
 e - 163 stones (quivered)
 s - 14 poisoned darts
 w - 4 boomerangs
Armour
 b - a +0 leather armour
 q - a +0 scale mail (worn)
Jewellery
 i - an uncursed ring of wizardry
 j - a ring of willpower (left hand)
 o - a ring of resist corrosion (right hand)
 p - an amulet of guardian spirit (around neck)
Scrolls
 d - a scroll of noise {unknown}
 h - 2 scrolls of blinking
 m - a scroll of amnesia {unknown}
 n - a scroll of fear {unknown}
 r - a scroll of magic mapping {unknown}
Potions
 f - 2 potions of curing
 l - 4 potions of attraction
 t - a potion of brilliance {unknown}
 v - a potion of haste {unknown}


   Skills:
 - Level 2.0 Fighting
 + Level 3.5 Axes
 - Level 3.6 Throwing
 - Level 1.7 Dodging
 - Level 0.8 Stealth


You had 3 spell levels left.
You didn't know any spells.
Your spell library was empty.

Dungeon Overview and Level Annotations

Branches:
Dungeon (3/15)

Altars:
Dithmenos


Innate Abilities, Weirdness & Mutations

You have a pair of small antennae on your head.
You sometimes gain a little power by taking damage.


Message History

The gnoll closely misses you.
You climb upwards.
There is a stone staircase leading down here.
You hit the gnoll but do no damage.
The gnoll is moderately wounded.
The gnoll barely misses you.
You hit the gnoll but do no damage.
The gnoll is moderately wounded.
The gnoll barely misses you.
You closely miss the gnoll.
The gnoll is moderately wounded.
The gnoll misses you.
You hit the gnoll but do no damage.
The gnoll is moderately wounded.
The gnoll hits you!
* * * LOW HITPOINT WARNING * * *
You hit the gnoll.
The gnoll is moderately wounded.
The gnoll hits you.
You die...

#..............######.......
#..###########..##.......###
#..# ####.....####..
#..########## ##....#.#.....
#...........# #....##.....##
##.########.###...##....###.
#.......##.##.........##...
#######.##.##...##[..##...#
#.##@##...#....#...##
#...g.#...#....#...#.
#.....#...#....#...##
#.##.##...##........#
#.##.##....#######...
#....###.........###.
#.###..#....##.....##
#......##....###.....
###.###...##.....####..


You could see a gnoll.

Vanquished Creatures
  Terence (D:2)
  2 gnolls (D:1)
  A leopard gecko (D:2)
  2 orcs (D:3)
  2 giant cockroaches (D:2)
  3 goblins (D:2)
  5 hobgoblins (D:2)
  4 kobolds
  5 bats
  A frilled lizard (D:2)
  9 rats
35 creatures vanquished.

Vanquished Creatures (others)
  2 plants (D:2)
2 creatures vanquished.

Grand Total: 37 creatures vanquished

Notes
Turn   | Place    | Note
-------+----------+-------------------------------------------
     0 | D:1      | lessens the Demonspawn Hunter began the quest for the Orb.
     0 | D:1      | Reached XP level 1. HP: 16/16 MP: 1/1
   363 | D:1      | Reached skill level 1 in Axes
   541 | D:1      | Gained mutation: You have a pair of small antennae on your
                  | head. [demonic ancestry]
   541 | D:1      | Reached XP level 2. HP: 22/22 MP: 2/2
  1650 | D:2      | Found a shadowy altar of Dithmenos.
  1929 | D:2      | Noticed Terence
  1960 | D:2      | Killed Terence
  1961 | D:2      | Gained mutation: You sometimes gain a little power by
                  | taking damage. [demonic ancestry]
  1961 | D:2      | Reached XP level 3. HP: 10/27 MP: 3/3
  2800 | D:3      | Reached XP level 4. HP: 22/24 MP: 4/4
  3312 | D:1      | Slain by a gnoll

Illustrated notes

Levels and vault maps discovered:
D:1:      dpeg_arrival_circle_labyrinth_c, layout_loops_ring
D:2:      wad_lake_hut, layout_basic, nicolae_dithmenos_through_a_glass_darkly,
          uniq_terence
D:3:      layout_basic, minmay_door_square, minivault_23

Skill      XL: |  1  2 |
---------------+-------+-----
Axes           | 1 3 |  3.5
Fighting       | |  2.0
Throwing       | |  3.6
Dodging        | |  1.7
Stealth        | |  0.8

Action                   |  1- 3 |  4- 6 || total
-------------------------+-------+-------++-------
Melee: Hand axe          |   139 |    19 ||   158
       Short sword       |     1 |       ||     1
Throw: Javelin           |     4 |     5 ||     9
       Throwing net      |     2 |       ||     2
  Use: Scroll            |       |     3 ||     3
Armor: Leather armour    |    16 |       ||    16
       Scale mail        |    58 |     6 ||    64
Dodge: Dodged            |    84 |    29 ||   113

Table legend: (Time is in decaauts)
 A = Elapsed time spent in this place.
 B = Non-inter-level travel time spent in this place.
 C = Inter-level travel time spent in this place.
 D = Time resting spent in this place.
 E = Time spent auto-exploring this place.
 F = Levels seen in this place.
 G = Mean time per level.
                   A        B        C        D        E       F      G
               +--------+--------+--------+--------+--------+-----+--------+
         Total |   3381 |   3111 |    270 |    389 |   2223 |   3 | 1127.0 |
       Dungeon |   3381 |   3111 |    270 |    389 |   2223 |   3 | 1127.0 |
               +--------+--------+--------+--------+--------+-----+--------+

Top non-repeatable levels by time:
     D:2: 1727 daAuts
     D:1: 1572 daAuts
     D:3: 82 daAuts
